 Dungeon Crawl Stone Soup version 0.25.1-1-g288607f (webtiles) character file.

Game seed: 17959888746130932533

1451 Jonnyslop the Cutter (level 8, -2/37 HPs)
             Began as a Spriggan Enchanter on Aug 3, 2020.
             Slain by an orc priest
             ... wielding a +0 flail
              (12 damage)
             ... on level 5 of the Dungeon.
             The game lasted 00:15:22 (7286 turns).

Jonnyslop the Cutter (Spriggan Enchanter)           Turns: 7286, Time: 00:15:22

Health: -2/37      AC:  2    Str:  4    XL:     8   Next: 47%
Magic:  2/18       EV: 19    Int: 19    God:
Gold:   243        SH:  0    Dex: 16    Spells: 7/19 levels left

rFire    + . .     SeeInvis +   a - +2 dagger
rCold    + . .     Gourm    .   (shield restricted)
rNeg     . . .     Faith    .   q - +0 robe
rPois    .         Spirit   .   (helmet restricted)
rElec    .         Reflect  .   f - scarf {rC+ rF+}
rCorr    +         Harm     .   (gloves unavailable)
MR       +....                  (boots unavailable)
Stlth    +++.......             m - amulet of the acrobat
HPRegen  0.12/turn              j - ring of resist corrosion (curse)
MPRegen  0.16/turn              (no ring)

@: confusing touch, very slightly contaminated, very quick
A: very small, unfitting armour, see invisible, herbivore, speed 3, slow
metabolism 2
a: no special abilities


You were on level 5 of the Dungeon.
You were not hungry.

You visited 1 branch of the dungeon, and saw 5 of its levels.

You collected 243 gold pieces.

Inventory:

Hand Weapons
 a - a +2 dagger (weapon)
Missiles
 p - 20 poisoned darts (quivered)
 r - 7 atropa-tipped darts
Armour
 f - a scarf of resistance (worn)
 q - a +0 robe (worn)
Jewellery
 j - a cursed ring of resist corrosion (left hand)
 m - an amulet of the acrobat (around neck)
Wands
 b - a wand of enslavement (8)
 x - a wand of disintegration (18)
Scrolls
 e - a scroll of amnesia
 n - a scroll of magic mapping {unknown}
 s - a scroll of noise {unknown}
 w - a scroll of fear
Potions
 c - a potion of mutation
 g - 4 potions of curing
 h - 3 potions of ambrosia
 i - a potion of lignification {unknown}
 k - a potion of degeneration {unknown}
 l - 2 potions of stabbing {unknown}
 o - 3 potions of brilliance {unknown}
 t - a potion of haste {unknown}
 u - a potion of magic {unknown}
 v - a potion of invisibility {unknown}
Comestibles
 d - 15 rations


   Skills:
 + Level 0.5 Fighting
 * Level 7.4 Short Blades
 + Level 3.4 Dodging
 + Level 5.7 Stealth
 + Level 6.4 Spellcasting
 + Level 7.0 Hexes
 - Level 2.0 Ice Magic


You had 7 spell levels left.
You knew the following spells:

 Your Spells              Type           Power        Failure   Level  Hunger
a - Ensorcelled Hibernat  Hex/Ice        ###...       2%          2    None
b - Corona                Hex            ####...      1%          1    None
c - Confusing Touch       Hex            ####....     1%          3    ##.....
d - Tukima's Dance        Hex            ####....     1%          3    ##.....
e - Dazzling Flash        Conj/Hex       ###...       8%          3    ##.....

Your spell library contained the following spells:

 Spells                   Type           Power        Failure   Level  Hunger


Dungeon Overview and Level Annotations

Branches:
Dungeon (5/15)
 Temple: D:4-7

Altars:
Cheibriados
Gozag
Hepliaklqana
Kikubaaqudgha
Nemelex Xobeh
Okawaru
Uskayaw


Innate Abilities, Weirdness & Mutations

You are very small and have problems with some larger weapons.
You are too small for most types of armour.
You have supernaturally acute eyesight. (SInv)
You are a herbivore.
You cover ground extremely quickly.
You need to consume almost no food.


Message History

You skewer the orc priest like a kebab!!!
You kill the orc priest!
Casting: Ensorcelled Hibernation (safe; 2% risk of failure)
Confirm with . or Enter, or press ? or * to list all spells.
Aiming: Ensorcelled Hibernation (safe; 2% risk of failure)
Press: ? - help, Shift-Dir - straight line, f - you That would be overly suicidal.
Okay, then.
Unknown command.
Casting: Ensorcelled Hibernation (safe; 2% risk of failure)
Confirm with . or Enter, or press ? or * to list all spells.
Your hands begin to glow red.
The orc priest hits you with a +0 flail!
* * * LOW HITPOINT WARNING * * *
You hit the orc priest but do no damage.
A jelly comes into view.
You barely miss the orc priest.
The jelly quivers.
The orc priest hits you with a +0 flail!
You die...

#o# #Y# #o# #o# . #o#
.# #(# .# #.# .#
######J# .# #...@o.#
.# #)###### .######
#.# ......# #.#
.####.# #.#
.†.##.#######.######
.#...................
..<##################
####


You could see a jelly and an orc priest.

Vanquished Creatures
  Grinder (D:3)
  An orc warrior (D:3)
  A sky beast (D:5)
  A phantom (D:4)
  2 bullfrogs
  A crimson imp (D:3)
  Crazy Yiuf (D:3)
  6 orc priests
  A centaur skeleton (D:4)
  An iguana (D:3)
  Ijyb (D:3)
  Terence (D:2)
  4 orc wizards
  3 worker ants
  5 gnolls (D:4)
  9 adders
  An adder zombie (D:3)
  2 oozes (D:1)
  4 worms (D:2)
  9 dart slugs
  A leopard gecko (D:2)
  24 orcs
  7 giant cockroaches
  17 goblins
  14 hobgoblins
  11 jackals
  A ball python (D:1)
  6 bats
  7 frilled lizards
  12 kobolds
  A quokka skeleton (D:4)
  7 rats
  A fungus (D:3)
164 creatures vanquished.

Vanquished Creatures (collateral kills)
  An orc (D:5)
1 creature vanquished.

Grand Total: 165 creatures vanquished

Notes
Turn   | Place    | Note
-------+----------+-------------------------------------------
     0 | D:1      | Jonnyslop the Spriggan Enchanter began the quest for the
                  | Orb.
     0 | D:1      | Reached XP level 1. HP: 9/9 MP: 5/5
   281 | D:1      | Reached XP level 2. HP: 13/13 MP: 4/6
   330 | D:1      | Learned a level 2 spell: Ensorcelled Hibernation
   997 | D:1      | Reached XP level 3. HP: 16/16 MP: 5/8
  1579 | D:2      | Learned a level 3 spell: Confusing Touch
  1665 | D:2      | Found an iron altar of Okawaru.
  2117 | D:2      | Reached XP level 4. HP: 20/21 MP: 7/10
  2159 | D:2      | Noticed Terence
  2165 | D:2      | Killed Terence
  2165 | D:2      | Reached skill level 1 in Ice Magic
  2788 | D:2      | Reached XP level 5. HP: 24/24 MP: 11/11
  2826 | D:2      | Learned a level 3 spell: Tukima's Dance
  3160 | D:3      | Found a hide-covered altar of Uskayaw.
  3286 | D:3      | Found a hazy altar of Hepliaklqana.
  3287 | D:3      | Found an ancient bone altar of Kikubaaqudgha.
  3288 | D:3      | Found a sparkling altar of Nemelex Xobeh.
  3418 | D:3      | Noticed Grinder
  3489 | D:3      | Killed Grinder
  3489 | D:3      | Reached skill level 5 in Hexes
  3489 | D:3      | Reached XP level 6. HP: 28/28 MP: 9/13
  3533 | D:3      | Learned a level 3 spell: Dazzling Flash
  3924 | D:3      | Noticed an orc warrior
  3983 | D:3      | Killed an orc warrior
  3983 | D:3      | Reached skill level 5 in Short Blades
  3983 | D:3      | Reached skill level 5 in Spellcasting
  3983 | D:3      | Reached XP level 7. HP: 19/32 MP: 4/15
  4221 | D:3      | Found a snail-covered altar of Cheibriados.
  4893 | D:3      | Noticed Ijyb
  4938 | D:3      | Killed Ijyb
  5170 | D:3      | Found a runed translucent door.
  5171 | D:3      | Noticed Crazy Yiuf
  5179 | D:3      | Killed Crazy Yiuf
  5971 | D:4      | Reached XP level 8. HP: 34/36 MP: 12/17
  6057 | D:4      | Reached skill level 5 in Stealth
  7105 | D:4      | Found an opulent altar of Gozag.
  7225 | D:5      | Entered Level 5 of the Dungeon
  7286 | D:5      | Slain by an orc priest

Illustrated notes

Levels and vault maps discovered:
D:1:      noname_arrival_rooms_in_the_neighbourhood, layout_basic,
          chequers_big_river, kennysheep_nondescript,
          chequers_serial_rivers_marsh
D:2:      layout_basic, old_standard_altar, uniq_terence
D:3:      layout_loops_ring, kennysheep_slug_shrine, minitemple, first_ration,
          uniq_crazy_yiuf_cottage, uniq_grinder, uniq_ijyb
D:4:      corexii_shantytown, layout_basic, nicolae_overflow_crystal_walls
D:5:      layout_loops_ring, basic_altar

Skill      XL: |  1  2  3  4  5  6  7  8 |
---------------+-------------------------+-----
Hexes          | 4 5 6 7 |  7.0
Spellcasting   | 3 4 5 6 |  6.4
Short Blades   | 2 3 4 5 6 7 |  7.4
Ice Magic      | 1 2 |  2.0
Stealth        | 5 |  5.7
Fighting       | |  0.5
Dodging        | |  3.4

Action                   |  1- 3 |  4- 6 |  7- 9 || total
-------------------------+-------+-------+-------++-------
Melee: Dagger            |   110 |    84 |   181 ||   375
       Unarmed           |       |       |    12 ||    12
 Cast: Corona            |     2 |       |     1 ||     3
       Ensorcelled Hiber |    25 |    49 |    90 ||   164
       Confusing Touch   |     1 |     1 |     9 ||    11
       Tukima's Dance    |       |       |     1 ||     1
  Use: Scroll            |       |     6 |     3 ||     9
 Stab: Sleeping          |    22 |    41 |    65 ||   128
       Confused          |     1 |     2 |     6 ||     9
  Eat: Ration            |       |     2 |     2 ||     4
Armor: Robe              |     9 |     1 |     8 ||    18
Dodge: Dodged            |    66 |    51 |   116 ||   233
